[Event "Betsys MČR v online bleskovém šachu 2021"]
[Site "Chess.com"]
[Date "2021.04.17"]
[Round "2"]
[White "Varinius"]
[Black "Jakuboss22005"]
[Result "1-0"]
[WhiteElo "2451"]
[BlackElo "2057"]
[TimeControl "180+1"]
[EndTime "9:17:02 PDT"]
[Termination "Uživatel Varinius zvítězil po vzdání soupeře"]

1. Nf3 g6 2. c4 Bg7 3. Nc3 d6 4.
d4 Nf6 5. e4 O-O 6. h3 c5 7. d5 e6 8. Bd3 exd5 9. exd5 Na6 10.
O-O Nc7 11. Bf4 Rb8 12. a4 b6 13. Re1 Nfe8 14. Qd2 Na6 15. Nb5 Nb4 16. Nxa7 Nxd3 17. Qxd3 Bf5 18. Qd2 Nf6 19. Nc6 Qc7 20. Re7 Bd7 21.
Nxb8 Rxb8 22. Rae1 Bf8 23. R7e2 Bxa4 24. b3 Bd7 25.
Ng5 Nh5 26. Bh2 Bh6 27. h4 f6 28. Re7 fxg5 29. hxg5 Bg7 30. g4 Qd8 31. gxh5 gxh5 32. Bxd6 Ra8 33. Qf4 Qf8 34. Rxd7 Qxf4 35. Bxf4 1-0

[Event "Betsys MČR v online bleskovém šachu 2021"]
[Site "Chess.com"]
[Date "2021.04.17"]
[Round "2"]
[White "zdenav"]
[Black "CrisBenton4"]
[Result "1-0"]
[WhiteElo "1836"]
[BlackElo "1424"]
[TimeControl "180+1"]
[EndTime "9:17:03 PDT"]
[Termination "Uživatel zdenav zvítězil po vzdání soupeře"]

1. e4 e5 2. Nf3 Nc6 3. Bc4 Bc5 4.
O-O Nf6 5. d3 O-O 6. Bg5 h6 7.
Bh4 a6 8. Nbd2 Be7 9. c3 b5 10. Bb3 Na5 11. Bc2 Nc6 12. Re1 Re8 13. h3 d6 14. d4 exd4 15. Nxd4 Nxd4 16. cxd4 Nd7 17. Bxe7 Qxe7 18. Nf3 Nf6 19. e5 dxe5 20. dxe5 Nh5 21. Nd4 Bb7 22. Qxh5 Rad8 23. Nf5 Qe6 24. Bb3 Bd5 25.
Nd4 Qd7 26. Rad1 Bxb3 27. Nxb3 Qe7 28. Rxd8 Rxd8 29. Qf5 f6 30. Kf1 fxe5 31. Qxe5 Qd7 32. Qe6+ Kf8 33. Qxd7 Rxd7 34. Rc1 Re7 35. f3 g5 36. Rc2 Kf7 37. Nd4 Kg6 38. Nc6 Rd7 39.
Nb4 Rd1+ 40. Ke2 Ra1 41. a3 a5 42. Nd5 Rg1 43. Kf2 Rd1 44. Nxc7 Rd7 45. Nxb5 Rb7 46. Nd4 Rd7 47. Nc6 Rb7 48. Nxa5 Rb6 49. Nc4 Rc6 50. b4 1-0

[Event "Betsys MČR v online bleskovém šachu 2021"]
[Site "Chess.com"]
[Date "2021.04.17"]
[Round "2"]
[White "mysacek1414"]
[Black "fera_v"]
[Result "0-1"]
[WhiteElo "1898"]
[BlackElo "2247"]
[TimeControl "180+1"]
[EndTime "9:17:04 PDT"]
[Termination "Uživatel fera_v zvítězil na čas"]

1. e4 e6 2. d3 d5 3. Qe2 Be7 4. Nf3 Nf6 5. g3 c5 6. Bg2 Nc6 7. O-O O-O 8. e5 Nd7 9. c4 Nb6 10. h4 f5 11. exf6 Bxf6 12. Bg5 h6 13. Bxf6 Qxf6 14.
Nc3 Bd7 15. Rae1 Rad8 16. Ne5 Nd4 17. Qg4 Bc8 18. f4 Nf5 19. Kh2 Kh7 20. b3 g6 21.
Qe2 Nd4 22. Qf2 a6 23. Bh3 Nf5 24. Bg2 h5 25. a4 Nh6 26. Kh1 Qf5 27. Qe2 Nf7 28.
Nxf7 Rxf7 29. a5 Qf6 0-1

[Event "Betsys MČR v online bleskovém šachu 2021"]
[Site "Chess.com"]
[Date "2021.04.17"]
[Round "2"]
[White "EliasD123"]
[Black "catanist19"]
[Result "1-0"]
[WhiteElo "1289"]
[BlackElo "1737"]
[TimeControl "180+1"]
[EndTime "9:17:04 PDT"]
[Termination "Uživatel EliasD123 zvítězil matem"]

1. e4 c5 2. Nf3 Nc6 3. d4 cxd4 4.
Nxd4 a6 5. Nc3 e6 6. Be3 Bb4 7. a3 Bxc3+ 8. bxc3 Nf6 9. Bd3 Ne5 10. O-O Nxd3 11.
cxd3 b5 12. f4 Bb7 13. e5 Nd5 14. Qe2 Nxc3 15. Qc2 Rc8 16. f5 Nd5 17. Qf2 O-O 18. f6 Nxe3 19. Qxe3 h6 20. Rf3 Bxf3 21. Nxf3 Kh7 22.
Qe4+ g6 23. Qh4 Qb6+ 24. Kh1 Qe3 25. Re1 Rc1 26. h3 Rxe1+ 27. Nxe1 Rc8 28. Nf3 Rc1+ 29.
Kh2 g5 30. Qh5 Qf4+ 31. g3 Rc2+ 32. Kh1 Qc1+ 33. Ng1 Rc8 34. Qxf7+ Kh8 35. Qg7# 1-0

[Event "Betsys MČR v online bleskovém šachu 2021"]
[Site "Chess.com"]
[Date "2021.04.17"]
[Round "2"]
[White "KarelZalesky"]
[Black "ffbp3q"]
[Result "0-1"]
[WhiteElo "1096"]
[BlackElo "2383"]
[TimeControl "180+1"]
[EndTime "9:17:06 PDT"]
[Termination "Uživatel ffbp3q zvítězil na čas"]

1. e4 c5 2. Nc3 Nc6 3. Nf3 e6 4. d4 cxd4 5. Nxd4 Qc7 6. Ndb5 Qb8 7. a3 a6 8. Nd4 Nf6 9. Be3 b5 10. Be2 Bb7 11. f3 Be7 12. Qd2 Ne5 13. b3 O-O 14. Nd1 d5 15. exd5 Nxd5 16. Bf2 Rd8 17. O-O Bd6 18.
c4 bxc4 19. bxc4 Ne7 20. Qb2 Qc7 21. Rb1 Rab8 22. Qa2 N5g6 23. g3 Bc5 24. Nb3 Bxf2+ 25. Nxf2 Nf5 26. Ne4 Ne3 27. Rf2 Ne5 0-1

[Event "Betsys MČR v online bleskovém šachu 2021"]
[Site "Chess.com"]
[Date "2021.04.17"]
[Round "2"]
[White "pepca"]
[Black "Ami2013"]
[Result "1-0"]
[WhiteElo "1511"]
[BlackElo "424"]
[TimeControl "180+1"]
[EndTime "9:17:07 PDT"]
[Termination "Uživatel pepca zvítězil matem"]

1. e4 e5 2. Nf3 Nc6 3. d4 Nf6 4. Bg5 Bb4+ 5. Nc3 h6 6. dxe5 hxg5 7. exf6 Qxf6 8. Qd3 Qe6 9. Nxg5 Qf6 10. Nf3 O-O 11. O-O-O d6 12. Nd5 Qg6 13. Nxc7 Rb8 14. a3 Ba5 15. Nd5 Qh6+ 16. Kb1 Bg4 17. Be2 b5 18. h3 Bh5 19. g4 Bg6 20. h4 b4 21. axb4 Nxb4 22.
Nxb4 Bxb4 23. h5 Bh7 24. g5 Qe6 25. Nd4 Qe5 26. Nc6 Qxg5 27. Nxb8 Qe5 28. Nd7 Qe7 29. Nxf8 Qxf8 30. Rdg1 Qb8 31. Qd4 Ba3 32. Qxg7# 1-0

[Event "Betsys MČR v online bleskovém šachu 2021"]
[Site "Chess.com"]
[Date "2021.04.17"]
[Round "2"]
[White "Milan_Jancek"]
[Black "tkokosek007"]
[Result "1-0"]
[WhiteElo "1819"]
[BlackElo "1400"]
[TimeControl "180+1"]
[EndTime "9:17:10 PDT"]
[Termination "Uživatel Milan_Jancek zvítězil na čas"]

1. c4 e5 2. Nc3 Bc5 3. g3 d6 4.
Bg2 c6 5. d3 Nf6 6. e4 h6 7.
Nge2 Bg4 8. O-O O-O 9. h3 Be6 10. Kh2 Nbd7 11. Be3 a6 12. Qd2 Rc8 13. f4 exf4 14.
Nxf4 Bb6 15. Rf2 Ne5 16. Raf1 Qd7 17. b3 Bxe3 18. Qe2 Bxf2 19. Rxf2 Ng6 20. d4 Nxf4 21. Rxf4 d5 22. e5 Nh7 23. c5 Ng5 24. h4 Ne4 25.
Bxe4 dxe4 26. Nxe4 Bd5 27. Nd6 Rcd8 28. Qh5 Be6 29. g4 Qe7 30. g5 Bd5 31. gxh6 gxh6 32. Rg4+ 1-0

[Event "Betsys MČR v online bleskovém šachu 2021"]
[Site "Chess.com"]
[Date "2021.04.17"]
[Round "2"]
[White "Koli05"]
[Black "Devasales"]
[Result "1-0"]
[WhiteElo "1730"]
[BlackElo "1165"]
[TimeControl "180+1"]
[EndTime "9:17:15 PDT"]
[Termination "Uživatel Koli05 zvítězil na čas"]

1. d4 d5 2. c4 e6 3. Nc3 Nf6 4. cxd5 Nxd5 5. e4 Nxc3 6. bxc3 Nc6 7. Nf3 Be7 8. Bb5 Bd7 9. O-O O-O 10. Bf4 a6 11.
Bd3 f5 12. Qb3 Na5 13. Qb1 Bc6 14. Be5 g6 15. Qe1 Bd6 16. c4 b6 17. d5 Bxe5 18.
Nxe5 exd5 19. cxd5 Bb7 20. Qe3 Qd6 21. exf5 Qxd5 22.
Qg3 Rae8 23. f4 Kh8 24. fxg6 Rg8 25. Qh3 Re7 26. Rad1 1-0

[Event "Betsys MČR v online bleskovém šachu 2021"]
[Site "Chess.com"]
[Date "2021.04.17"]
[Round "2"]
[White "OlifantCZ"]
[Black "Kokos3"]
[Result "1-0"]
[WhiteElo "2280"]
[BlackElo "1488"]
[TimeControl "180+1"]
[EndTime "9:17:16 PDT"]
[Termination "Uživatel OlifantCZ zvítězil na čas"]

1. c4 e6 2. g3 d5 3. Bg2 Nf6 4. Nf3 Be7 5. O-O O-O 6. b3 b6 7. Bb2 Bb7 8. d3 Nbd7 9. Nc3 c5 10. e3 Re8 11. Qe2 Qc7 12. Rad1 Rad8 13. h3 Nf8 14. e4 d4 15. Nb1 Ng6 16. Ne1 e5 17.
Bc1 Bd6 18. Kh2 a6 19. h4 h6 20. Bh3 b5 21. Nd2 Qa5 22. a3 Qc7 23. Ng2 Nh7 24. Nf3 f6 25. Ng1 Ne7 26. f4 Rf8 27. f5 Nc6 28. g4 Na5 29. Qc2 Nc6 30. Nf3 Qe7 31. Rg1 Kf7 32. Nge1 Ke8 33. Rd2 Kd7 34. Rdg2 Rf7 35.
Kg3 Qf8 36. Kf2 1-0

[Event "Betsys MČR v online bleskovém šachu 2021"]
[Site "Chess.com"]
[Date "2021.04.17"]
[Round "2"]
[White "petrgnojek"]
[Black "TCTCGTGCTATG"]
[Result "1-0"]
[WhiteElo "2260"]
[BlackElo "1909"]
[TimeControl "180+1"]
[EndTime "9:17:20 PDT"]
[Termination "Uživatel petrgnojek zvítězil matem"]

1. d4 Nf6 2. c4 g6 3. f3 Bg7 4. e4 c5 5. d5 d6 6. Ne2 b5 7. cxb5 a6 8. Nec3 O-O 9. bxa6 Nxa6 10. Be2 Bb7 11. O-O e6 12. dxe6 fxe6 13. Bg5 Qb6 14.
Na3 Nc7 15. Nc4 Qa7 16. Nxd6 Bc6 17. Qc2 Rab8 18. Kh1 Kh8 19. Rad1 Qb6 20. b3 Qa7 21.
Nc4 Nd7 22. Rd6 Bb5 23. Nxb5 Nxb5 24. Rd2 Nd4 25. Qd3 Nb6 26. Be3 Rfd8 27. Bxd4 Rxd4 28. Qe3 Rbd8 29. Rfd1 Nxc4 30. Bxc4 Rxd2 31. Rxd2 Bd4 32. Qg5 Qa5 33. h4 Kg7 34. Qe7+ Kh6 35. Qg5+ Kg7 36. e5 Rf8 37. Bxe6 Qa3 38. Qe7+ Kh6 39. Qxf8+ Kh5 40. Bg4+ Kxh4 41. Qh6+ Kg3 42. Qh2# 1-0

[Event "Betsys MČR v online bleskovém šachu 2021"]
[Site "Chess.com"]
[Date "2021.04.17"]
[Round "2"]
[White "dino5517"]
[Black "p_kana"]
[Result "0-1"]
[WhiteElo "1391"]
[BlackElo "1804"]
[TimeControl "180+1"]
[EndTime "9:17:20 PDT"]
[Termination "Uživatel p_kana zvítězil po vzdání soupeře"]

1. e4 c5 2. Nf3 e6 3. d4 cxd4 4.
Nxd4 a6 5. Nc3 Qc7 6. Be3 Nf6 7. Qd2 Bb4 8. Bd3 d5 9. exd5 Nxd5 10. O-O Nxc3 11. bxc3 Bxc3 12. Qe2 Bxa1 13. Rxa1 Nc6 14. Nxc6 Qxc6 15. Rd1 O-O 16. Qh5 f5 17. g4 b5 18. gxf5 Bb7 19. f3 Qxf3 20. Qxf3 Bxf3 21. Rf1 Bd5 22. Rf4 exf5 23. Bd4 Be4 24. Bxe4 fxe4 25. Rxe4 Rae8 26. Rg4 g6 27. h4 Re1+ 28. Kg2 Re2+ 29. Kg3 Rf5 30. c3 Rxa2 31. Re4 Kf7 32. Kg4 Rg2+ 33. Kh3 Rd2 34. Rg4 Rf3+ 35. Rg3 Rxg3+ 36. Kxg3 Re2 37. Kf3 Re6 38. Kf4 a5 39. Kg5 h5 40.
Kh6 a4 41. Kg5 a3 42. Kf4 a2 43. c4 bxc4 44. Bc3 Ra6 45. Ke4 a1=Q 46. Bxa1 Rxa1 47. Kd4 Ra8 48. Kxc4 Rd8 49. Kc3 g5 50. hxg5 h4 0-1

[Event "Betsys MČR v online bleskovém šachu 2021"]
[Site "Chess.com"]
[Date "2021.04.17"]
[Round "2"]
[White "MrNikdo"]
[Black "reflexia64"]
[Result "1-0"]
[WhiteElo "2040"]
[BlackElo "2330"]
[TimeControl "180+1"]
[EndTime "9:17:22 PDT"]
[Termination "Uživatel MrNikdo zvítězil na čas"]

1. e4 g6 2. d4 Bg7 3. Nc3 d6 4.
Nf3 a6 5. a4 Nd7 6. Bc4 e6 7.
Bg5 Ne7 8. Qd2 h6 9. Be3 d5 10. exd5 Nb6 11. Bb3 Nbxd5 12. O-O Nf5 13. Rad1 O-O 14.
Ne4 b6 15. Ne5 Bb7 16. Ng3 Ndxe3 17. fxe3 Nxg3 18. hxg3 Qe7 19. Qf2 Rad8 20. Qf4 Rd6 21.
Nc4 Rdd8 22. c3 Kh7 23. e4 f6 24. e5 f5 25. Bc2 Kg8 26. Ne3 g5 27. Qf2 c5 28. g4 f4 29. Nc4 cxd4 30. Nd6 1-0

[Event "Betsys MČR v online bleskovém šachu 2021"]
[Site "Chess.com"]
[Date "2021.04.17"]
[Round "2"]
[White "TheRigos"]
[Black "Lukuluss88"]
[Result "1-0"]
[WhiteElo "2537"]
[BlackElo "2072"]
[TimeControl "180+1"]
[EndTime "9:17:23 PDT"]
[Termination "Uživatel TheRigos zvítězil na čas"]

1. e4 d5 2. exd5 Qxd5 3. Nc3 Qa5 4. d4 c6 5. Bc4 Bf5 6. Nf3 e6 7. Bd2 Qc7 8. Qe2 Be7 9. Ne5 Nd7 10. f4 Nxe5 11.
fxe5 O-O-O 12. Be3 Bb4 13. O-O-O Bxc3 14. bxc3 Ne7 15.
Kb2 Nd5 16. Bf2 Qb6+ 17. Bb3 Qa5 18. Be1 Qb6 19. c4 Ne7 20. c5 Qc7 21. c4 b6 22. Bb4 Rd7 23. Rhf1 Bg6 24. g4 h5 25.
h3 hxg4 26. hxg4 Kb7 27. cxb6 axb6 28. Bd6 Qc8 29. Ka1 Qa8 30. Bc2 Bxc2 31. Qxc2 Ng6 32.
Rb1 Qa6 33. Rb4 Ra8 34. Rfb1 Kc8 35. Rxb6 Qa7 36. Qb3 1-0

[Event "Betsys MČR v online bleskovém šachu 2021"]
[Site "Chess.com"]
[Date "2021.04.17"]
[Round "2"]
[White "tudlenudle"]
[Black "FBingoPlayer"]
[Result "1-0"]
[WhiteElo "1904"]
[BlackElo "2202"]
[TimeControl "180+1"]
[EndTime "9:17:23 PDT"]
[Termination "Uživatel tudlenudle zvítězil na čas"]

1. e4 e6 2. d4 d5 3. Nc3 Nf6 4. e5 Nfd7 5. f4 c5 6. Nf3 Nc6 7. Be3 Be7 8. Qd2 O-O 9. O-O-O a6 10. h4 c4 11. h5 b5 12. Ne2 b4 13. c3 Qa5 14.
Kb1 Rb8 15. Ka1 b3 16. Nc1 bxa2 17. f5 Qa4 18. fxe6 fxe6 19. Ng5 Bxg5 20. Bxg5 Na5 21. h6 g6 22. Be2 Nb3+ 23. Nxb3 Qxb3 24. Rdf1 Bb7 25.
Be7 Rf7 26. Rxf7 Kxf7 27. Bd6 Rc8 28. Rf1+ Kg8 29. Qf4 1-0

[Event "Betsys MČR v online bleskovém šachu 2021"]
[Site "Chess.com"]
[Date "2021.04.17"]
[Round "2"]
[White "DominikS3"]
[Black "jarosymon"]
[Result "0-1"]
[WhiteElo "1313"]
[BlackElo "1783"]
[TimeControl "180+1"]
[EndTime "9:17:27 PDT"]
[Termination "Uživatel jarosymon zvítězil na čas"]

1. d4 d5 2. c4 e6 3. Nc3 c5 4. e3 Nf6 5. Nf3 a6 6. cxd5 exd5 7. Bd3 c4 8. Bc2 b5 9. a3 Bb7 10. O-O Bd6 11. b3 O-O 12. bxc4 dxc4 13. Qe2 Nbd7 14.
Bb2 Nb6 15. Rab1 Re8 16. a4 b4 17. Nd1 a5 18. Rc1 c3 19. Ba1 Ne4 20. Qb5 Ba6 21. Qf5 g6 22. Qh3 Bxf1 23. Bxe4 Bxg2 24. Qxg2 Rxe4 25.
Ng5 Rh4 26. h3 h6 27. Nf3 Rh5 28. Rc2 Qf6 29. Kh1 Nd5 30. Kg1 Re8 31. Kh1 Re4 32. Kg1 Reh4 0-1

[Event "Betsys MČR v online bleskovém šachu 2021"]
[Site "Chess.com"]
[Date "2021.04.17"]
[Round "2"]
[White "malviny"]
[Black "JaraLinhart"]
[Result "0-1"]
[WhiteElo "1148"]
[BlackElo "1678"]
[TimeControl "180+1"]
[EndTime "9:17:27 PDT"]
[Termination "Uživatel JaraLinhart zvítězil matem"]

1. e4 e5 2. Nf3 Nc6 3. d4 exd4 4.
Nxd4 Bc5 5. Nxc6 Qf6 6. Qe2 dxc6 7. Nc3 Be6 8. e5 Qg6 9. Ne4 Bb6 10. Be3 Qxe4 11.
O-O-O Qxe5 12. Bxb6 Qxe2 13. Bxe2 axb6 14. Rhe1 Ne7 15.
b3 Rxa2 16. Kb1 Ra8 17. Bh5 O-O 18. Re4 Nd5 19. Rh4 Nc3+ 20. Kc1 Nxd1 21. Kxd1 Rfd8+ 22. Kc1 c5 23. Bf3 c6 24. Kb2 b5 25. Be4 h6 26.
f4 b4 27. f5 Bd5 28. Bxd5 Rxd5 29. Rf4 Rd1 30. f6 Raa1 31. c4 Rg1 32. Rf2 Rad1 33.
Kc2 Ra1 34. Kb2 Rgb1+ 35. Kc2 Ra2+ 36. Kxb1 Rxf2 37. fxg7 Kxg7 38. g4 Kf6 39. h4 Ke5 40. g5 hxg5 41. h5 Kd4 42. h6 Kc3 43. h7 Rh2 44.
h8=Q+ Rxh8 45. Ka2 Ra8+ 46. Kb1 Ra3 47. Kc1 Ra1# 0-1

[Event "Betsys MČR v online bleskovém šachu 2021"]
[Site "Chess.com"]
[Date "2021.04.17"]
[Round "2"]
[White "keram91"]
[Black "Z_u_z_i"]
[Result "0-1"]
[WhiteElo "761"]
[BlackElo "1545"]
[TimeControl "180+1"]
[EndTime "9:17:27 PDT"]
[Termination "Uživatel Z_u_z_i zvítězil matem"]

1. d4 d5 2. Nc3 Nf6 3. f3 Bf5 4. g4 Bg6 5. g5 Nh5 6. Bh3 e6 7.
a4 Bd6 8. a5 Nc6 9. a6 b6 10.
Nb5 Nb4 11. Nxd6+ Qxd6 12. f4 Nxf4 13. Bg4 Nxc2+ 14. Kf1 O-O 15. e3 Bd3+ 16. Kf2 f5 17. exf4 fxg4 18. f5 Bxf5 19. Ne2 Be4+ 20. Kg1 Bxh1 21.
Kxh1 Nb4 22. g6 hxg6 23. Nf4 Rf5 24. Nxg6 Rh5 25. Ne7+ Qxe7 26. Qxg4 Rf5 27. Bd2 Nc2 28. Rg1 Raf8 29. Qh5 Rf1 30. Bh6 Rxg1+ 31. Kxg1 Qf6 32. Bxg7 Qxg7+ 33. Kh1 Rf1# 0-1

[Event "Betsys MČR v online bleskovém šachu 2021"]
[Site "Chess.com"]
[Date "2021.04.17"]
[Round "2"]
[White "dnovotny"]
[Black "bezzuton"]
[Result "0-1"]
[WhiteElo "1778"]
[BlackElo "1418"]
[TimeControl "180+1"]
[EndTime "9:17:29 PDT"]
[Termination "Uživatel bezzuton zvítězil na čas"]

1. d4 Nf6 2. Nc3 d5 3. Bf4 Bf5 4. f3 e6 5. g4 Bg6 6. h4 c5 7. h5 Bxc2 8. Qxc2 cxd4 9. Nb1 Nc6 10. e3 Rc8 11. Bb5 Qa5+ 12. Nd2 Qxb5 13. exd4 Be7 14.
Ne2 Qxe2+ 15. Kxe2 Nxd4+ 16. Kd3 Nxc2 17. Rac1 Nb4+ 18.
Ke2 O-O 19. a3 Nc6 20. g5 Nd4+ 21. Kf2 Nd7 22. Be3 Nf5 23. Bxa7 b6 24. g6 fxg6 25. hxg6 hxg6 26. Rcg1 Ra8 27. Rxg6 Rxa7 28. Rxe6 Nc5 29. Rxb6 Bf6 30. Kg2 Ne3+ 31. Kg3 Be5+ 32. Kh4 Rf4+ 33. Kg5 Rf5+ 34. Kg6 Raf7 35. Rb8+ Bxb8 36. Ne4 dxe4 0-1

[Event "Betsys MČR v online bleskovém šachu 2021"]
[Site "Chess.com"]
[Date "2021.04.17"]
[Round "2"]
[White "Pokemonchess"]
[Black "Naty139"]
[Result "0-1"]
[WhiteElo "1935"]
[BlackElo "2284"]
[TimeControl "180+1"]
[EndTime "9:17:30 PDT"]
[Termination "Uživatel Naty139 zvítězil matem"]

1. e4 Nf6 2. e5 Nd5 3. d4 d6 4. exd6 cxd6 5. Nf3 g6 6. Bc4 Nb6 7. Bb3 d5 8. Bf4 Bg7 9. Nc3 O-O 10. O-O Bg4 11. h3 Bxf3 12. Qxf3 e6 13. Be5 Bxe5 14. dxe5 Nc6 15. Rfe1 Qc7 16. Qg3 a6 17. h4 h5 18. Nd1 Nd4 19. Ne3 a5 20. Qf4 Nxb3 21. axb3 Nd7 22. Rac1 Qxe5 23. Qxe5 Nxe5 24. Nxd5 Ng4 25.
Nb6 Ra6 26. Nc4 b5 27. Ne5 Rc8 28. Nxg4 hxg4 29. Re4 Rac6 30. Re5 Rc5 31. Rxc5 Rxc5 32.
c3 Kg7 33. Kh2 f5 34. Kg3 Kf6 35. Kf4 Re5 36. Kg3 Re2 37. c4 Rxb2 38. cxb5 Rxb3+ 39. Kh2 Rxb5 40. Ra1 f4 41. Ra4 e5 42. f3 g3+ 43.
Kh3 Kf5 44. Ra3 Rb1 45. Ra1 Rxa1 46. h5 Rh1# 0-1

[Event "Betsys MČR v online bleskovém šachu 2021"]
[Site "Chess.com"]
[Date "2021.04.17"]
[Round "2"]
[White "OndrejBorkovec"]
[Black "tucnak64"]
[Result "0-1"]
[WhiteElo "1507"]
[BlackElo "2105"]
[TimeControl "180+1"]
[EndTime "9:17:30 PDT"]
[Termination "Uživatel tucnak64 zvítězil po vzdání soupeře"]

1. d4 c5 2. Nf3 Nf6 3. c4 cxd4 4. Nxd4 b6 5. Nc3 Bb7 6. Bf4 d6 7. Ncb5 e5 8. Qa4 Nbd7 9. Nf5 Qb8 10. Bg5 a6 11. Nc3 b5 12. cxb5 d5 13. e3 g6 14.
Ng3 axb5 15. Qxb5 Be7 16. Be2 O-O 17. Bh6 Rc8 18. O-O d4 19. exd4 exd4 20. Na4 Bc6 21. Qxb8 Rcxb8 22. b3 Bxa4 23. bxa4 Rxa4 24. Rfd1 Rb2 25.
Rac1 Bf8 26. Bxf8 Nxf8 27. Rc8 Kg7 28. Rdc1 Ne6 29. R8c7 Nxc7 30. Rxc7 Raxa2 31. h3 Rxe2 32. Nxe2 Rxe2 33. Rc4 d3 34. Rd4 d2 35. Kh2 Rxf2 36. Kg3 Re2 37. Kf3 Re1 38. Kf2 d1=Q 39. Rxd1 Rxd1 40.
Ke2 Ra1 41. Kd2 Ra2+ 42. Ke3 Rxg2 0-1

[Event "Betsys MČR v online bleskovém šachu 2021"]
[Site "Chess.com"]
[Date "2021.04.17"]
[Round "2"]
[White "Filipdol"]
[Black "Stalri"]
[Result "0-1"]
[WhiteElo "1861"]
[BlackElo "2193"]
[TimeControl "180+1"]
[EndTime "9:17:31 PDT"]
[Termination "Uživatel Stalri zvítězil matem"]

1. e4 c5 2. Nc3 e6 3. f4 Nc6 4. Bb5 a6 5. Bxc6 bxc6 6. Nf3 d5 7. e5 h5 8. d3 Nh6 9. O-O Nf5 10. Na4 h4 11. b3 Bb7 12. Qe1 Be7 13. c4 Qc7 14. Ba3 Rd8 15. Rd1 Ba8 16. Qf2 d4 17. Rd2 Bb7 18. Re1 Kf8 19. Bxc5 Kg8 20. Bb6 Qc8 21. Bxd8 Qxd8 22. c5 a5 23. Rc1 Ba6 24.
Nb2 Qd5 25. Na4 Bb5 26. Nb6 Qd8 27. a4 Ba6 28. g3 hxg3 29. hxg3 Bxc5 30. Rxc5 Qxb6 31.
Rcc2 Ne3 32. Rb2 c5 33. Ng5 Bb7 34. Ne4 Bxe4 35. dxe4 Qa6 36. Qe2 Qb7 37. Rd3 Qxe4 38. Rxe3 Qh1+ 39. Kf2 Rh2# 0-1

[Event "Betsys MČR v online bleskovém šachu 2021"]
[Site "Chess.com"]
[Date "2021.04.17"]
[Round "2"]
[White "NeumanPetr"]
[Black "Zelezny1984"]
[Result "1-0"]
[WhiteElo "2506"]
[BlackElo "2061"]
[TimeControl "180+1"]
[EndTime "9:17:32 PDT"]
[Termination "Uživatel NeumanPetr zvítězil po vzdání soupeře"]

1. d4 e6 2. c4 d5 3. Nc3 c5 4. cxd5 cxd4 5. Qa4+ Bd7 6. Qxd4 exd5 7. Qxd5 Nf6 8. Qb3 Na6 9. Bg5 Nc5 10. Qd1 Qb6 11. Bxf6 Qxf6 12. Nf3 Rd8 13. e3 Be7 14. Be2 O-O 15.
O-O Bc6 16. Nd4 Ne6 17. Nxc6 Rxd1 18. Nxe7+ Qxe7 19. Rfxd1 Qb4 20. Rab1 h6 21. Bf3 b6 22.
a3 Qe7 23. Nd5 Qh4 24. g3 Qa4 25. Nc3 Qa5 26. Rd5 Qa6 27. Rbd1 Ng5 28. Be2 Qc8 29. h4 Ne6 30. Bg4 Qc6 31. Rd6 Qc4 32. Be2 Qb3 33.
R1d2 Nc5 34. Bf3 a5 35. Bd1 Qc4 36. Be2 Qa2 37. Nxa2 1-0

[Event "Betsys MČR v online bleskovém šachu 2021"]
[Site "Chess.com"]
[Date "2021.04.17"]
[Round "2"]
[White "Gicko13"]
[Black "5265"]
[Result "0-1"]
[WhiteElo "2078"]
[BlackElo "1611"]
[TimeControl "180+1"]
[EndTime "9:17:32 PDT"]
[Termination "Uživatel 5265 zvítězil na čas"]

1. e4 e5 2. f4 Bc5 3. Nf3 d6 4. Nc3 Nf6 5. Bc4 Nc6 6. d3 a6 7.
f5 b5 8. Bb3 Na5 9. Bg5 h6 10.
Bh4 Nxb3 11. axb3 Bb7 12. h3 Qd7 13. Bxf6 gxf6 14. Qe2 O-O-O 15. O-O-O Rdg8 16. Nh4 Rg3 17. Rdf1 Rhg8 18. Rf3 d5 19. exd5 Bxd5 20. Ne4 Bxe4 21. dxe4 Qc6 22. Rd1 b4 23. Rdd3 Rxf3 24. Nxf3 Rg3 25.
Nxe5 fxe5 26. Rxg3 Bd4 27. Rd3 a5 28. Kb1 Qc5 29.
Qd1 Qa7 30. Qd2 Qb6 31. c3 bxc3 32. Rxc3 Bxc3 33. Qxc3 Qg1+ 34. Ka2 Qxg2 35. Qxe5 Qxh3 0-1

[Event "Betsys MČR v online bleskovém šachu 2021"]
[Site "Chess.com"]
[Date "2021.04.17"]
[Round "2"]
[White "xnepom"]
[Black "JIDEMONI"]
[Result "1-0"]
[WhiteElo "2252"]
[BlackElo "1900"]
[TimeControl "180+1"]
[EndTime "9:17:33 PDT"]
[Termination "Uživatel xnepom zvítězil po vzdání soupeře"]

1. e4 e6 2. d4 d5 3. Nd2 c5 4. exd5 exd5 5. Ngf3 Nf6 6. Bb5+ Bd7 7. Qe2+ Qe7 8. Bxd7+ Nbxd7 9. Qxe7+ Bxe7 10. O-O O-O 11.
Re1 Rfe8 12. dxc5 Nxc5 13. Nb3 Nce4 14. Be3 b6 15. Rad1 Rad8 16. h3 Nc5 17. Nfd4 Nxb3 18. axb3 Bc5 19. c3 Ne4 20. b4 Bxd4 21. Bxd4 f6 22. Ra1 Rd7 23. f3 Nd6 24. Rxe8+ Nxe8 25. Kf2 Kf7 26. g4 Nd6 27. Rd1 Nb5 28. Be3 Ke6 29. Bf4 Nd6 30. Re1+ Kf7 31. Bxd6 Rxd6 32. Ra1 Rd7 33.
Ke3 g6 34. Kd4 Ke6 35. Re1+ Kd6 36. Re8 Rc7 37. b3 a5 38. bxa5 bxa5 39. Ra8 Rb7 40. Rxa5 Rxb3 41. Rxd5+ Ke6 42. Ra5 Rb1 43. Ra6+ Kf7 44.
Ra7+ Ke6 45. Rxh7 Rf1 46. Ke3 Rc1 47. Rc7 Rh1 48. Rc6+ Kf7 49. c4 Rxh3 50. c5 f5 51. g5 Rg3 52. Rc7+ Kg8 53. Kf4 Rg1 54. c6 Rc1 55.
Ke5 Rc5+ 56. Kf6 1-0

[Event "Betsys MČR v online bleskovém šachu 2021"]
[Site "Chess.com"]
[Date "2021.04.17"]
[Round "2"]
[White "Soural_J"]
[Black "Hapinka"]
[Result "1-0"]
[WhiteElo "2169"]
[BlackElo "1853"]
[TimeControl "180+1"]
[EndTime "9:17:33 PDT"]
[Termination "Uživatel Soural_J zvítězil po vzdání soupeře"]

1. Nf3 Nf6 2. c4 d6 3. d4 g6 4. Nc3 Bg7 5. e4 O-O 6. Be2 e5 7. dxe5 dxe5 8. Qxd8 Rxd8 9. Bg5 Re8 10. O-O-O Nc6 11. Nb5 Nxe4 12. Nxc7 Bg4 13. Be3 f5 14. h3 Bxf3 15. Bxf3 Nf6 16. Bxc6 bxc6 17. f3 Rac8 18. Nxe8 Rxe8 19. Bxa7 Ra8 20. Bc5 Rxa2 21. Ba3 e4 22. Kb1 Rxa3 23. bxa3 e3 24. f4 Ne4 25. Rd8+ Kf7 26. Rd7+ Kf8 27. Rxg7 Kxg7 28. Re1 Nd2+ 29. Kc2 Nxc4 30. Kb3 Nd2+ 31. Kc3 Ne4+ 32. Kd4 c5+ 33. Kxe3 Kf6 34. Kd3 Ke6 35. Rxe4+ fxe4+ 36. Kxe4 Kd6 37. g4 1-0

[Event "Betsys MČR v online bleskovém šachu 2021"]
[Site "Chess.com"]
[Date "2021.04.17"]
[Round "2"]
[White "Petroniuss"]
[Black "matej-c"]
[Result "1-0"]
[WhiteElo "2335"]
[BlackElo "1985"]
[TimeControl "180+1"]
[EndTime "9:17:35 PDT"]
[Termination "Uživatel Petroniuss zvítězil matem"]

1. e4 e5 2. Nf3 Nf6 3. d4 Nxe4 4. Bd3 d5 5. dxe5 Be7 6. h3 Nc6 7. O-O Bf5 8. Nc3 Nxc3 9. bxc3 Bxd3 10. cxd3 O-O 11.
Rb1 Rb8 12. d4 Na5 13. Qa4 b6 14. Ba3 Bxa3 15. Qxa3 Qd7 16. Rfe1 Rfe8 17. Qc1 Qf5 18. Qg5 Qxg5 19. Nxg5 h6 20. Nf3 Nc4 21. Re2 Re6 22. Nd2 Na5 23. f4 Rc6 24. Re3 Nc4 25. Nxc4 Rxc4 26.
Kf2 Re8 27. g4 Re6 28. f5 Rec6 29. Rb3 Ra4 30. a3 Rac4 31. Ke2 a5 32. Kd2 Kf8 33. Rb5 Ra4 34. Rxd5 Rxa3 35. e6 fxe6 36. fxe6 Rd6 37.
Rf5+ Ke8 38. h4 c5 39. d5 Ra2+ 40. Kd3 Rh2 41. g5 hxg5 42. hxg5 a4 43. e7 a3 44. Rf8+ Kd7 45. e8=Q+ Kc7 46. Qc8# 1-0